AoeStats
← guigui_3589

Arabia

510599032Analyzed
1v1 RM · 2d ago on Oct 1, 2026· 46m 12s· 2 players
Game mode
Random Map
Map size
Tiny (2 player)
Population
200
Speed
Normal
Resources
Standard
Victory
Conquest
Starting age
Dark Age
Ending age
Imperial Age
RankedLock teamsTeams togetherTeam positionsShared explorationLock speedFull tech treeHidden civsTurbo modeCheats
Victory
Defeat
🇧🇦 Vikings · Bosnia & Herzegovina
1737
+10
🇫🇷 Cumans · France
1588
-10
guigui_3589
6:12 Loom
9:20 Feudal Age
9:57 Double-Bit Axe
9:54 Horse Collar
22:11 Castle Age
21:10 Scale Barding Armor
23:15 Chain Barding Armor
26:15 Bloodlines
27:10 Wheelbarrow
30:27 Forging
32:16 Hand Cart
31:47 Town Watch
37:28 Stone Mining
40:22 Imperial Age
38:07 Fletching
37:51 Light Cavalry
38:54 Bodkin Arrow
40:07 Padded Archer Armor
40:04 Gold Mining
42:29 Chemistry
42:55 Masonry
44:39 Chemistry
44:38 Ballistics
46:32 Parthian Tactics
46:14 Thumb Ring
Igo
7:03 Loom
9:12 Feudal Age
9:21 Man-at-Arms
11:36 Double-Bit Axe
15:38 Fletching
20:18 Castle Age
20:44 Forging
20:16 Horse Collar
21:00 Bodkin Arrow
20:30 Crossbowman
22:48 Bow Saw
25:14 Scale Mail Armor
25:24 Forging
26:33 Squires
26:19 Arson
26:57 Heavy Plow
27:30 Chain Mail Armor
28:48 Chieftains
36:10 Imperial Age
35:37 Elite Skirmisher
37:39 Plate Mail Armor
36:46 Elite Berserk
36:55 Pikeman
37:30 Stone Mining
37:30 Gold Mining
37:30 Stone Mining
39:13 Iron Casting
43:48 Conscription
44:00 Arbalester
45:00 Bracer
45:01 Padded Archer Armor
47:17 Chemistry
46:37 Ballistics
Connection lost

Rejoining the realm…

Still unreachable

The connection could not be restored.

Session expired

The server has moved on; the page needs a fresh start.